 Dungeon Crawl Stone Soup version 0.31.0-32-g396128a36d (webtiles) character file.

Game seed: 11354385882177734543

2933 Voland the Zephyrmancer (level 9, -3/45 HPs)
             Began as a Tengu Air Elementalist on Mar 23, 2024.
             Killed from afar by a hellion (23 damage)
             ... with damnation
             ... on level 1 of the Abyss on Apr 1, 2024.
             The game lasted 00:24:42 (12770 turns).

Voland the Zephyrmancer (Tengu Air Elementalist)   Turns: 12770, Time: 00:24:42

Health: -3/45      AC:  7    Str:  8    XL:     9   Next: 80%
Magic:  18/19      EV: 34    Int: 20    God:
Gold:   210        SH:  0    Dex: 15    Spells: 10/20 levels left

rFire   + . .        K - +0 halberd (venom)
rCold   . . .        (shield currently unavailable)
rNeg    . . .        B - +2 robe {Will+}
rPois   .            (helmet restricted)
rElec   .            t - +2 cloak
rCorr   .            (no gloves)
SInv    .            (boots unavailable)
Will    +....        (no amulet)
Stlth   ++           x - ring of protection from fire
HPRegen 0.00/turn    (no ring)
MPRegen 0.16/turn

%: acrobat
@: acrobatic, sick, flying
A: beak, talons 3, evasive flight, acrobatic
a: no special abilities


You were on level 1 of the Abyss.
You visited 1 branch of the dungeon, and saw 7 of its levels.
You visited the Abyss 1 time.
You also visited: Ossuary.

You collected 210 gold pieces.

Inventory:

Hand Weapons
 K - a +0 halberd of venom (weapon)
Missiles
 J - 2 throwing nets
Armour
 f - a +0 buckler
 t - a +2 cloak (worn)
 B - a +2 robe of willpower (worn)
Jewellery
 x - a ring of protection from fire (left hand)
 I - a +5 ring of evasion
Wands
 p - a wand of mindburst (6)
 A - a wand of flame (7)
 E - a wand of iceblast (16)
 G - a wand of paralysis (9)
Scrolls
 d - 3 scrolls of noise
 g - a scroll of amnesia {unknown}
 i - 3 scrolls of enchant armour
 q - 2 scrolls of blinking
 s - a scroll of immolation {unknown}
 v - 3 scrolls of fear
 w - 4 scrolls of poison
 y - 2 scrolls of identify
 C - 2 scrolls of teleportation {unknown}
 H - a scroll of revelation {unknown}
Potions
 a - 2 potions of curing {unknown}
 b - 3 potions of magic
 c - 2 potions of enlightenment {unknown}
 e - a potion of berserk rage {unknown}
 h - a potion of degeneration {unknown}
 j - 5 potions of haste {unknown}
 l - a potion of brilliance {unknown}
 m - 2 potions of mutation {unknown}
 n - a potion of attraction {unknown}
 r - 2 potions of heal wounds {unknown}
 u - 4 potions of cancellation
 z - a potion of lignification {unknown}
 D - a potion of resistance {unknown}
 F - a potion of might {unknown}


   Skills:
 + Level 7.5 Dodging
 - Level 2.0 Stealth
 + Level 6.3 Spellcasting
 + Level 8.7 Conjurations
 + Level 9.5 Air Magic


You had 10 spell levels left.
You knew the following spells:

 Your Spells              Type           Power      Damage    Failure   Level
a - Shock                 Conj/Air       100%       1d9       1%          1
b - Airstrike             Air            22%        2d(4-20)  1%          4
c - Swiftness             Air            44%        N/A       1%          3
d - Blink                 Tloc           12%        N/A       16%         2

Your spell library contained the following spells:

 Spells                   Type           Power      Damage    Failure   Level
 Static Discharge         Conj/Air       86%        3-7/arc   1%          2
 Momentum Strike          Conj/Tloc      46%        3d9       2%          2
 Summon Small Mammal      Summ           24%        N/A       10%         1
 Ensorcelled Hibernation  Hex/Ice        12%        N/A       16%         2
 Lesser Beckoning         Tloc           12%        N/A       16%         2
 Call Canine Familiar     Summ           6%         N/A       30%         3
 Fugue of the Fallen      Necr           6%         N/A       30%         3
 Gell's Gravitas          Tloc           6%         N/A       30%         3
 Teleport Other           Tloc           6%         N/A       30%         3
 Anguish                  Hex/Necr       3%         N/A       69%         4
 Summon Blazeheart Golem  Fire/Summ      6%         N/A       69%         4


Dungeon Overview and Level Annotations

Branches:
Dungeon (7/15)            Ossuary (visited)
 Temple: D:4-7

Altars:
Ashenzari
Nemelex Xobeh
Okawaru
Trog

Shops:
D:3 =


Innate Abilities, Weirdness & Mutations

You have a beak for a mouth.
You have claws for feet.
Your magical flight helps you evade attacks. (EV +4)
You can magically evade attacks while moving or waiting.


Message History

Okay, then.
The ancient zyme attacks as it pursues you!
The ancient zyme completely misses you. x2
A blink frog comes into view.
The blink frog croaks.
You hear a croak.
A blink frog comes into view.
The large abomination attacks as it pursues you!
The large abomination hits you but does no damage.
As you read the scroll labelled DUSEXK HIRUNTI, it crumbles to dust.
It is a scroll of identify.
q - 2 scrolls of blinking The large abomination hits you!!
Ouch! That really hurt!
The large abomination attacks as it pursues you!
The large abomination barely misses you.
The ancient zyme completely misses you. x2
You feel ill.
The blink frog blinks!
You feel ill.
The large abomination completely misses you.
A fire bat comes into view.
The blink frog blinks!
The fire bat moves out of view.
Okay, then.
Okay, then.
The large abomination attacks as it pursues you!
The large abomination misses you.
The blink frog blinks!
A fire bat comes into view.
The large abomination attacks as it pursues you!
The large abomination misses you.
You feel ill.
The large abomination attacks as it pursues you!
The large abomination misses you.
A hellion comes into view.
The hellion gives a hideous shriek!
A quasit comes into view.
The quasit gives a chilling moan.
The hellion gestures at you.
The sphere of damnation explodes!
The damnation engulfs you!!
Ouch! That really hurt!
You die...

..... ##. ...## .## .#..
## . .. ## 5..2 ##.. .#.
....§.. ...~# ##... .
....##.#.
.~~≈##....#######§..#..
.##≈~~~b.##..##.... # ..
....≈~≈............###..
..~~~~...Xx.........#...
#~##..@##..#...#...# ##
#........###..## .#
#.#.####..# # .# .##
~.#.# .#.# ##..## ~~ #.
##### .#. . ## # . ..


You could see an ancient zyme, a large abomination, a hellion, a fire bat and a
quasit.

Vanquished Creatures
  Sigmund (D:4)
  A water moccasin (D:7)
  2 ogres (D:4)
  2 centaurs
  An elf zombie (D:5)
  A bullfrog (D:6)
  2 kobold brigands
  3 elf skeletons (D:5)
  4 scorpions
  2 wights (Ossuary)
  3 killer bees (D:7)
  A howler monkey (D:6)
  3 bombardier beetles
  7 hounds
  2 orc priests
  A human zombie (D:5)
  4 spectral scorpions (Ossuary)
  2 centaur skeletons (Ossuary)
  A gnoll bouda (D:6)
  5 iguanas
  A sleepcap (D:6)
  A human skeleton (D:5)
  5 orc wizards
  A crocodile zombie (Ossuary)
  7 mummies (Ossuary)
  Robin (D:2)
  16 gnolls
  6 adders
  A shadow imp (D:6)
  3 white imps
  A ribbon worm (D:2)
  17 orcs
  4 ball pythons
  6 endoplasms
  3 giant cockroaches (D:1)
  18 goblins
  10 hobgoblins
  6 bats
  8 frilled lizards
  3 gnoll skeletons (Ossuary)
  16 kobolds
  2 kobold skeletons (Ossuary)
  3 orc skeletons
  3 orc zombies (D:5)
  8 rats
  10 spectral rats (Ossuary)
208 creatures vanquished.

Notes
Turn   | Place    | Note
-------+----------+-------------------------------------------
     0 | D:1      | Voland the Tengu Air Elementalist began the quest for the
                  | Orb.
     0 | D:1      | Reached XP level 1. HP: 10/10 MP: 4/4
   170 | D:1      | Reached XP level 2. HP: 15/15 MP: 4/6
   656 | D:1      | Reached XP level 3. HP: 19/19 MP: 5/7
  2090 | D:2      | Found a broken altar of Ashenzari.
  2398 | D:2      | Noticed Robin
  2486 | D:2      | Reached XP level 4. HP: 24/24 MP: 6/8
  2507 | D:2      | Killed Robin
  2680 | D:2      | Reached skill level 5 in Air Magic
  2728 | D:2      | Reached XP level 5. HP: 28/28 MP: 4/10
  3228 | D:2      | Found a broken altar of Ashenzari.
  3367 | D:2      | Learned a level 4 spell: Airstrike
  3371 | D:2      | Learned a level 3 spell: Swiftness
  3902 | D:3      | Reached XP level 6. HP: 31/32 MP: 1/11
  4066 | D:3      | Found Lucs's Jewellery Shop.
  4527 | D:3      | Found a faded altar of an unknown god.
  5024 | D:3      | Found Lucs's Jewellery Shop.
  5061 | D:3      | Found a faded altar of an unknown god.
  5314 | D:4      | Reached skill level 6 in Air Magic
  5383 | D:4      | Gained mutation: Your magical flight helps you evade
                  | attacks. (EV +4) [Tengu growth]
  5383 | D:4      | Reached XP level 7. HP: 13/36 MP: 2/13
  5586 | D:4      | Found a bloodstained altar of Trog.
  5594 | D:4      | Noticed Sigmund
  5602 | D:4      | Killed Sigmund
  5603 | D:4      | Reached skill level 5 in Conjurations
  5780 | D:4      | Reached skill level 5 in Dodging
  5936 | D:4      | Reached XP level 8. HP: 28/41 MP: 0/15
  5951 | D:4      | Reached skill level 7 in Air Magic
  6314 | D:4      | Found a bloodstained altar of Trog.
  6448 | D:5      | Entered Level 5 of the Dungeon
  6865 | D:5      | Found a sand-covered staircase.
  6870 | Ossuary  | Entered an ossuary
  7359 | Ossuary  | Reached skill level 5 in Spellcasting
  7700 | Ossuary  | Reached skill level 8 in Air Magic
  8136 | D:5      | Reached XP level 9. HP: 40/45 MP: 12/18
  8593 | D:5      | Found a sparkling altar of Nemelex Xobeh.
  9575 | D:5      | Found a sparkling altar of Nemelex Xobeh.
  9889 | D:6      | Reached skill level 9 in Air Magic
 10187 | D:6      | Learned a level 2 spell: Blink
 10257 | D:6      | Found an iron altar of Okawaru.
 10748 | D:6      | Found an iron altar of Okawaru.
 11688 | D:6      | Found an iron altar of Okawaru.
 12665 | Abyss:1  | Cast into level 1 of the Abyss (orc wizard)
 12739 | Abyss:1  | Noticed an ancient zyme
 12742 | Abyss:1  | Noticed a large abomination
 12769 | Abyss:1  | Noticed a hellion
 12770 | Abyss:1  | Killed from afar by a hellion

Illustrated notes

Levels and vault maps discovered:
D:1:      eino_arrival_druids_welcome, layout_loops_ring
D:2:      layout_rooms, basic_altar, kennysheep_nondescript, uniq_robin
D:3:      layout_basic, serial_shops, shop, shapermc_ecumenical_altar_acropolis
D:4:      layout_basic, mainiacjoe_overflow_catwalk, uniq_sigmund
D:5:      minmay_angry_zag, layout_basic, nemelex_xobeh_ov_fountains_minmay,
          nicolae_ossuary_entry_catacombs, dreamdust_gnoll_farm
D:6:      layout_basic, overflow_temple_1_default, serial_glass,
          glass_columns_c, glass_columns_c, glass_columns_a, glass_columns_b,
          glass_columns_c, glass_columns_b, glass_columns_a, glass_columns_b,
          nrook_mini_vaults
D:7:      layout_basic, minmay_temple_entry_statues
Abyss:1:  base: D:4, hangedman_abyss_or_decor_stagger

Skill      XL: |  1  2  3  4  5  6  7  8  9 |
---------------+----------------------------+-----
Conjurations   | 2 3 4 5 7 8 |  8.7
Dodging        | 3 4 5 6 7 |  7.5
Air Magic      | 5 6 8 9 |  9.5
Spellcasting   | 3 4 5 6 |  6.3
Stealth        | |  2.0

Action                     |  1- 3 |  4- 6 |  7- 9 || total
---------------------------+-------+-------+-------++-------
  Melee: Spear             |     1 |       |       ||     1
         Rapier            |     3 |    10 |    34 ||    47
         Peck              |     1 |       |     8 ||     9
         Kick              |       |     2 |    10 ||    12
         Halberd           |       |       |     7 ||     7
   Cast: Shock             |    89 |    86 |   175 ||   350
         Airstrike         |       |     6 |    70 ||    76
  Evoke: Wand              |       |       |     3 ||     3
    Use: Potion            |       |       |     1 ||     1
         Scroll            |       |       |     5 ||     5
 Armour: Robe              |     4 |     4 |    69 ||    77
  Dodge: Dodged            |    23 |    13 |   124 ||   160
